Map: Dusty Gorge

Players

JeffMach - Winner!

  • Race: Terran Terran
  • Spawn Location: 5:00

AmbuSh - Winner!

  • Race: Terran Terran
  • Spawn Location: 3:00

ILIEKEGGPIE

  • Race: Protoss Protoss
  • League: Platinum
  • Spawn Location: 9:00

ArTrua

  • Race: Terran Terran
  • Spawn Location: 11:00

VOD

Have the link to the VOD?

Description

Time

  • Played on: May 31, 2018, 1:22 p.m.
  • Length: 18:36
Show
View Real Time Build Order
Export as new Build Order

JeffMach Terran - Winner!

Build Orders: MMM Bio 

Get SALT Encoding   

  12  0:01  SCV  
  13  0:13  SCV  
  14  0:18  Supply Depot  
  14  0:25  SCV  
  15  0:39  SCV  
  16  0:43  Barracks  
  16  0:51  SCV  
  16  0:53  Refinery  
  17  1:03  SCV  
  18  1:16  SCV  
  19  1:28  SCV  
  20  1:41  Orbital Command, Command Center  
  20  1:46  Barracks Reactor  
  20  1:54  Supply Depot  
  20  2:06  SCV  
  21  2:14  Factory  
  21  2:18  SCV  
  21  2:20  Refinery  
  22  2:28  Marine  
  23  2:30  Marine, SCV  
  25  2:42  SCV  
  26  2:46  Marine  
  27  2:52  Orbital Command  
  27  2:54  SCV  
  28  3:09  Starport, Factory Reactor  
  28  3:17  Barracks  
  28  3:19  Engineering Bay  
  28  3:22  SCV  
  28  3:25  SCV  
  30  3:34  SCV  
  31  3:38  SCV  
  31  3:39  Marine x2  
  34  3:45  Medivac  
  34  3:46  Widow Mine, SCV  
  41  3:48  Widow Mine  
  41  3:56  Barracks  
  41  4:01  Terran Infantry Weapons Level 1  
  41  4:02  SCV x2  
  43  4:07  Barracks Tech Lab  
  43  4:14  SCV  
  43  4:15  SCV  
  45  4:26  SCV  
  46  4:33  Supply Depot x2  
  46  4:37  Supply Depot  
  46  4:38  Stimpack  
  46  4:40  Supply Depot  
  46  4:44  Supply Depot  
  46  4:49  Barracks Reactor  
  46  4:54  Marine x3, SCV x2  
  51  5:06  SCV  
  50  5:10  SCV  
  50  5:12  Marine x3  
  52  5:19  SCV  
  52  5:20  Engineering Bay  
  51  5:23  SCV  
  51  5:25  Marine  
  51  5:26  Marine  
  54  5:28  Command Center  
  54  5:30  Marine  
  54  5:34  Refinery x2  
  55  5:36  Missile Turret  
  55  5:40  Missile Turret  
  55  5:41  SCV x2  
  57  5:48  Marauder  
  57  5:49  Marine x2  
  61  5:52  Medivac  
  61  5:53  SCV  
  61  5:54  SCV, Terran Infantry Armor Level 1  
  65  5:57  Medivac  
  67  6:05  SCV  
  67  6:06  SCV  
  69  6:18  SCV  
  66  6:41  Marine x5  
  70  6:59  Marine x4  
  74  7:06  Missile Turret  
  74  7:08  SCV x2  
  76  7:14  Combat Shields  
  76  7:16  Marine x2  
  76  7:17  Marine x3  
  76  7:20  SCV x2  
  83  7:32  SCV x2  
  83  7:34  Armory, Marine x3  
  83  7:35  Marine x2  
  90  7:42  Barracks x2  
  90  7:43  Barracks  
  90  7:44  SCV  
  90  7:47  Barracks  
  90  7:50  Starport  
  91  7:55  Starport, Orbital Command  
  91  7:57  Marine x3  
  91  7:58  Starport, Marine x2  
  96  8:00  Supply Depot  
  96  8:15  Marine, SCV  
  96  8:16  SCV  
  96  8:17  Orbital Command  
  99  8:24  Terran Infantry Weapons Level 2  
  99  8:28  SCV x2  
  101  8:35  Supply Depot  
  101  8:40  SCV x2  
  103  8:48  Marine  
  103  8:49  Marine x3  
  103  8:52  SCV x2  
  103  8:54  Barracks Reactor x3  
  103  8:55  Barracks Tech Lab  
  109  8:56  Concussive Shells  
  109  9:01  Supply Depot  
  109  9:04  SCV  
  109  9:07  SCV x2  
  112  9:16  SCV  
  113  9:19  SCV x2  
  113  9:24  Supply Depot  
  113  9:28  SCV  
  75  9:47  Supply Depot  
  75  9:50  Marine x4  
  75  9:51  Marine x8  
  81  9:56  Medivac x2  
  85  10:04  Refinery  
  85  10:06  Refinery  
  85  10:08  Marine x5  
  85  10:09  Marine x5  
  85  10:10  Marauder x2  
  85  10:11  Supply Depot, Command Center  
  99  10:15  Terran Infantry Armor Level 2  
  99  10:18  Terran Vehicle And Ship Armor Level 1  
  99  10:20  Starport Tech Lab  
  99  10:21  Starport Tech Lab  
  99  10:22  Starport Reactor  
  99  10:26  Medivac x2, Marine x5  
  99  10:27  Marine x5  
  113  10:31  Marauder x2  
  113  10:34  Supply Depot, SCV x3  
  120  10:43  Marine  
  120  10:44  Marine  
  120  10:46  SCV x3  
  120  10:47  Medivac x2, Marine  
  120  10:48  Marine x3  
  120  10:49  Marine x3  
  136  10:52  Marauder  
  136  10:53  Marauder  
  136  10:56  Medivac x2, Missile Turret  
  144  10:58  SCV  
  145  11:14  Marauder  
  145  11:17  Missile Turret, Viking x2  
  151  11:26  Viking  
  153  11:39  Marine x2  
  155  11:40  Marine x10  
  155  11:57  Marine x2  
  155  11:58  Marine x10  
  161  12:07  Terran Infantry Weapons Level 3  
  157  12:12  Raven x2  
  157  12:15  Marine x7  
  163  12:16  Marine x4  
  172  12:25  Marine  
  173  12:34  Marauder  
  175  12:39  Missile Turret  
  175  12:42  Planetary Fortress  
  175  12:44  Marauder  
  177  12:55  Marauder, Raven x2  
  177  13:05  Marauder, Medivac x4  
  176  13:17  Marauder  
  166  13:27  Marauder  
  168  13:34  Medivac  
  168  13:35  Medivac x3  
  168  13:38  Marauder, Medivac x2  
  182  13:48  Marauder  
  172  14:00  Marauder  
  172  14:02  Marine x10  
  172  14:09  Marauder  
  174  14:19  Marine  
  174  14:20  Marine x9  
  174  14:21  Marauder, Medivac x3  
  192  14:31  Marauder  
  194  14:37  Marine  
  194  14:38  Marine x5  
  147  15:51  Marine  
  147  15:52  Marine x11  
  147  15:56  Medivac  
  147  15:57  Medivac x5  
  171  16:09  Marine x4  
  171  16:10  Marine x8  
  183  16:26  Medivac x2  
  183  16:27  Medivac x4, Marine x5  
  131  17:17  Marauder x2, Marine  
  131  17:18  Marine x9  
  147  17:24  Viking x4  
  147  17:25  Medivac x2  
  157  17:35  Marine  
  157  17:36  Marine x9  
  167  17:38  Marauder  
  167  17:39  Marauder  
  167  17:40  Missile Turret  
  167  17:42  Refinery  
  171  17:44  Refinery  
  171  17:45  Missile Turret  
  171  17:47  Missile Turret  
  171  17:48  Missile Turret  
  171  17:53  Marine  
  171  17:54  Medivac, Marine x8  
  186  17:59  Marauder  
  186  18:00  Marauder  
  190  18:05  Marine  
  190  18:11  Marine  
  190  18:12  Marine x8  
  200  18:16  Command Center, Factory Tech Lab  
Show
View Real Time Build Order
Export as new Build Order

AmbuSh Terran - Winner!

Build Orders: MMM Bio 

Get SALT Encoding   

  12  0:02  SCV  
  13  0:14  SCV  
  14  0:21  Supply Depot  
  14  0:26  SCV  
  15  0:43  SCV  
  15  0:45  Barracks  
  16  0:54  Refinery  
  16  0:55  Refinery, SCV  
  17  1:10  SCV  
  18  1:25  SCV  
  19  1:36  Reaper  
  19  1:37  Orbital Command  
  20  1:41  Supply Depot  
  20  1:59  Factory  
  20  2:03  SCV  
  21  2:09  Barracks Reactor  
  21  2:21  SCV  
  22  2:38  SCV  
  22  2:43  Command Center  
  23  2:46  Factory Tech Lab  
  23  2:50  SCV  
  24  3:01  Marine x2  
  26  3:07  Starport  
  26  3:27  SCV  
  26  3:30  Marine x2  
  26  3:32  Barracks  
  29  3:37  Supply Depot  
  29  3:42  SCV  
  29  3:46  Engineering Bay, Starport Reactor  
  30  3:54  SCV  
  30  4:12  SCV  
  30  4:14  Marine x2  
  33  4:19  Siege Tank  
  33  4:23  Missile Turret  
  36  4:24  SCV  
  36  4:25  Missile Turret, Barracks Tech Lab  
  36  4:28  Medivac x2  
  41  4:35  Orbital Command  
  41  4:45  SCV  
  42  4:48  Marauder, Marine x2  
  46  5:00  SCV  
  46  5:01  Missile Turret  
  47  5:17  Marine x2  
  47  5:18  Marauder  
  47  5:19  Medivac  
  53  5:22  SCV  
  53  5:26  Missile Turret  
  54  5:30  Supply Depot  
  54  5:34  Missile Turret  
  54  5:40  Missile Turret  
  54  5:48  Supply Depot  
  54  5:52  Medivac, Marine x2, SCV x2, Missile Turret  
  60  5:59  Stimpack  
  53  6:26  SCV x2  
  54  6:38  SCV x2, Missile Turret  
  56  6:41  Marine x2  
  56  6:42  Marauder  
  56  6:43  Viking  
  62  6:50  SCV x2  
  64  7:02  SCV x2  
  64  7:04  Barracks  
  64  7:05  Terran Infantry Weapons Level 1  
  64  7:06  Starport, Marine x2  
  64  7:07  Marine  
  69  7:15  SCV  
  70  7:21  Refinery  
  70  7:25  Refinery  
  70  7:27  Supply Depot  
  70  7:49  Siege Tank, SCV x2, Viking  
  77  7:59  Barracks Reactor  
  77  8:00  Command Center  
  77  8:03  SCV  
  78  8:17  Marauder, Marine x2, SCV x2  
  78  8:19  Viking  
  86  8:25  Missile Turret  
  86  9:12  SCV x2, Viking  
  90  9:24  SCV x2  
  70  9:26  Marine x3  
  70  9:27  Marine x2  
  70  9:28  Medivac  
  71  9:36  Starport Reactor, SCV  
  70  9:39  Barracks  
  70  9:41  Medivac  
  70  9:44  Marine x4  
  76  9:46  Engineering Bay  
  76  9:48  SCV  
  77  9:58  Medivac  
  79  10:00  Orbital Command, SCV  
  79  10:03  Refinery  
  79  10:04  SCV  
  79  10:05  Refinery  
  81  10:11  Medivac  
  81  10:12  SCV  
  84  10:16  SCV  
  84  10:21  Marine x3  
  85  10:22  Marine, Combat Shields  
  85  10:24  SCV  
  85  10:27  Viking x2  
  85  10:28  SCV, Missile Turret  
  92  10:31  Viking  
  92  10:32  Missile Turret  
  92  10:33  Marine x2, Missile Turret x2  
  96  10:36  SCV  
  96  10:37  Terran Infantry Armor Level 1  
  96  10:39  Marine x3  
  96  10:41  Armory  
  100  10:43  SCV  
  100  10:48  SCV x2, Viking  
  100  10:49  Supply Depot  
  105  10:50  Supply Depot  
  105  10:51  Supply Depot  
  105  10:55  SCV  
  106  11:16  Marine  
  106  11:17  Marine x5  
  112  11:32  Viking x2  
  116  11:33  Viking x2  
  116  11:34  Marine x2, Terran Ship Weapons Level 1  
  116  11:35  Marine x4  
  126  11:40  SCV  
  126  11:42  SCV  
  126  11:46  Armory  
  128  11:52  Marine x3  
  128  11:53  Marine x2  
  133  11:59  Marauder  
  108  12:10  Marine  
  108  12:11  Marine x2  
  108  12:12  Marine x2  
  108  12:13  Terran Infantry Weapons Level 2  
  100  12:21  Marauder  
  102  12:24  Medivac x3  
  102  12:25  Viking  
  102  12:28  Marine  
  102  12:29  Marine x3, SCV x2  
  116  12:30  Marine, SCV  
  116  12:34  Supply Depot  
  118  12:41  SCV  
  118  12:42  Marauder, SCV, Missile Turret  
  122  12:49  Marine x2  
  122  12:50  Siege Tank  
  127  12:54  Terran Vehicle And Ship Armor Level 1, Viking  
  129  13:04  Marauder  
  113  13:37  Marine x6  
  111  13:54  Marine  
  111  13:55  Marine x2  
  109  13:56  Marauder  
  106  14:16  Marine x4  
  106  14:17  Marauder, Marine  
  110  14:25  Viking x4  
  118  14:34  Marine x5  
  124  14:38  SCV  
  124  14:39  Marauder  
  126  14:47  Command Center  
  126  14:50  SCV  
  126  14:52  Marine x5  
  126  14:55  Viking x3  
  125  15:00  Marauder  
  125  15:02  SCV  
  127  15:09  Marine x2  
  114  15:21  Marauder  
  114  15:24  Marine x3  
  114  15:27  Marine x2  
  120  15:41  Marine  
  121  15:43  Marauder  
  106  16:04  Marauder  
  106  16:05  Marine x5  
  106  16:10  Medivac  
  106  16:11  Medivac x2, Viking  
  118  16:19  Orbital Command  
  118  16:22  Marine  
  118  16:23  Marine x4  
  125  16:26  Marauder  
  125  16:40  Marine x2, Viking  
  125  16:41  Marine x3, Viking x2  
  125  16:43  SCV x3  
  141  16:47  Marauder  
  141  16:54  Missile Turret  
  141  16:55  Missile Turret  
  141  16:56  Refinery  
  141  16:58  Marine x3  
  141  16:59  Refinery, Marine x2, Missile Turret  
  148  17:08  Marauder  
  148  17:16  Marine x4  
  148  17:17  Marine  
  153  17:29  Marine  
  148  17:34  Marine  
  130  17:37  Command Center  
  120  17:47  Marauder  
  109  17:57  Marine x5  
  109  18:08  Marine  
  110  18:14  Marine  
  110  18:15  Marine x4  
  110  18:18  Barracks  
  110  18:19  Barracks  
  115  18:20  Barracks  
  115  18:21  Barracks  
Show
View Real Time Build Order
Export as new Build Order

ILIEKEGGPIE Protoss 

Build Orders: 1 Gate Expand 

Get SALT Encoding   

  12  0:01  Probe  
  13  0:13  Probe  
  14  0:19  Pylon  
  14  0:25  Probe  
  15  0:33  Probe  
  15  0:42  Gateway, Probe  
  17  0:52  Assimilator  
  17  0:53  Probe  
  18  1:05  Probe  
  19  1:24  Nexus  
  19  1:26  Probe  
  20  1:42  Cybernetics Core  
  20  1:49  Assimilator  
  20  1:57  Pylon  
  20  2:01  Probe  
  21  2:09  Probe  
  21  2:10  Adept  
  22  2:18  Warp Gate  
  24  2:36  Probe  
  25  2:48  Probe  
  26  3:00  Probe  
  26  3:03  Pylon  
  26  3:04  Stalker  
  29  3:09  Probe  
  29  3:13  Probe  
  29  3:17  Probe  
  31  3:21  Stargate  
  31  3:25  Probe  
  33  3:31  Stargate  
  33  3:33  Probe  
  33  3:35  Probe  
  35  3:41  Probe  
  35  3:43  Probe  
  37  3:49  Probe  
  37  3:55  Pylon  
  38  4:05  Phoenix  
  38  4:09  Probe  
  41  4:15  Phoenix  
  43  4:17  Probe  
  43  4:21  Probe  
  43  4:23  Assimilator  
  45  4:25  Stalker, Probe  
  48  4:34  Phoenix  
  50  4:39  Assimilator  
  49  5:22  Phoenix x2  
  49  5:25  Probe  
  54  5:33  Nexus  
  54  5:36  Pylon  
  54  5:41  Probe x2  
  56  5:56  Probe x2  
  58  5:58  Phoenix x2  
  62  6:04  Gateway  
  62  6:06  Robotics Facility  
  62  6:08  Probe x2  
  62  6:10  Pylon  
  64  6:14  Pylon  
  64  6:20  Probe x2  
  64  6:23  Phoenix  
  64  6:25  Phoenix  
  70  6:27  Pylon  
  70  6:32  Probe  
  71  6:40  Fleet Beacon, Probe  
  71  6:42  Probe  
  73  6:48  Probe  
  73  6:49  Forge  
  73  6:50  Forge  
  74  6:54  Probe  
  75  7:04  Stalker  
  77  7:11  Pylon  
  77  7:13  Protoss Ground Armor Level 1, Protoss Ground Weapons Level 1  
  77  7:21  Probe x2  
  79  7:24  Shield Battery  
  79  7:28  Probe  
  80  7:30  Robotics Bay  
  80  7:33  Assimilator  
  80  7:38  Assimilator  
  80  7:43  Phoenix  
  80  7:44  Phoenix  
  84  7:48  Probe x3  
  84  7:50  Observer  
  88  8:00  Probe x3  
  91  8:11  Probe x2  
  91  8:12  Probe  
  94  8:17  Robotics Facility  
  94  8:19  Probe x2  
  94  8:24  Probe  
  85  8:51  Stalker x2  
  87  8:59  Extended Thermal Lance  
  87  9:06  Colossus x2  
  99  9:35  Pylon  
  99  9:37  Pylon  
  99  9:55  Probe x2  
  101  10:10  Gateway  
  101  10:12  Gateway  
  101  10:21  Pylon, Nexus  
  101  10:25  Pylon  
  101  10:28  Nexus  
  101  10:29  Pylon  
  101  10:31  Assimilator  
  101  10:34  Pylon  
  101  10:37  Pylon x2  
  101  10:39  Phoenix x2, Pylon  
  105  10:45  Colossus x2  
  117  10:57  Assimilator  
  117  11:02  Assimilator  
  117  11:06  Photon Cannon  
  117  11:08  Photon Cannon  
  117  11:11  Photon Cannon  
  117  11:12  Photon Cannon  
  117  11:14  Photon Cannon  
  117  11:16  Photon Cannon  
  116  11:29  Sentry x2  
  120  11:40  Stalker x2  
  122  12:10  Colossus x2  
  123  12:15  Probe x2  
  136  12:29  Stalker x4  
  144  13:03  Colossus  
  98  13:22  Stalker x3  
  98  13:23  Stalker  
  104  13:30  Protoss Shields Level 1  
  104  13:41  Twilight Council  
  88  13:57  Colossus x2  
  99  14:07  Stalker x3  
  99  14:08  Stalker  
  106  14:26  Gateway  
  106  14:29  Pylon  
  106  14:31  Gateway, Pylon  
  106  14:34  Pylon  
  106  14:41  Nexus  
  106  14:43  Photon Cannon  
  106  14:45  Photon Cannon  
  106  14:47  Carrier, Photon Cannon  
  106  14:49  Photon Cannon  
  106  14:52  Pylon  
  112  14:53  Pylon x2  
  112  14:55  Pylon  
  112  14:58  Stalker, Sentry  
  112  14:59  Sentry x2  
  116  15:18  Charge  
  116  15:30  Immortal x2  
  104  16:05  Nexus  
  104  16:08  Stalker x2  
  104  16:09  Stalker x2  
  104  16:10  Colossus  
  118  16:38  Stalker  
  118  16:39  Zealot x4  
  128  16:40  Zealot  
  130  16:59  Colossus x2  
  120  17:32  Stalker x3  
  112  17:39  Colossus  
  100  18:01  Templar Archives  
Show
View Real Time Build Order
Export as new Build Order

ArTrua Terran 

Build Orders: Cyclone Opening 

Get SALT Encoding   

  12  0:04  SCV  
  13  0:16  SCV  
  14  0:30  Supply Depot  
  14  0:33  SCV  
  15  0:52  SCV  
  15  0:55  Barracks  
  16  1:01  Refinery  
  16  1:03  Refinery  
  16  1:04  SCV  
  17  1:16  SCV  
  18  1:28  SCV  
  19  1:40  SCV  
  19  1:44  Supply Depot  
  20  1:56  Command Center  
  20  2:07  Factory  
  20  2:14  SCV  
  21  2:26  SCV  
  22  2:32  Marine  
  23  2:38  SCV  
  24  2:50  SCV  
  25  2:51  Cyclone  
  25  2:58  Marine  
  28  3:21  Starport  
  28  3:29  Factory Reactor  
  28  3:36  SCV  
  28  3:40  Marine  
  30  3:45  SCV  
  30  3:48  SCV  
  32  3:57  SCV  
  33  4:09  SCV  
  34  4:11  Liberator x2  
  34  4:21  SCV  
  35  4:24  Factory Tech Lab  
  35  4:27  Barracks Tech Lab  
  41  4:34  SCV  
  41  4:36  Supply Depot  
  42  4:41  SCV  
  42  4:42  Engineering Bay  
  43  4:46  SCV  
  44  4:58  Supply Depot, SCV, Siege Tank  
  48  5:03  SCV  
  49  5:10  SCV  
  50  5:15  SCV  
  51  5:22  SCV  
  51  5:27  SCV, Missile Turret  
  53  5:32  Supply Depot  
  53  5:37  Viking x2  
  53  5:40  SCV  
  58  5:49  Missile Turret  
  58  5:52  SCV  
  56  6:38  Siege Tank  
  59  6:43  Factory  
  59  6:46  Refinery  
  59  6:48  SCV  
  59  6:49  Refinery  
  60  7:00  SCV  
  58  7:10  Armory  
  58  7:12  SCV  
  59  7:19  Liberator x2  
  59  7:25  SCV, Siege Tank  
  59  7:28  Stimpack  
  59  7:29  Marine  
  64  7:31  Factory Tech Lab  
  64  7:36  Supply Depot  
  70  7:54  Orbital Command  
  70  7:57  Marine, SCV  
  72  7:59  Supply Depot  
  72  8:09  SCV  
  73  8:14  Command Center  
  73  8:15  Marine  
  74  8:36  Thor x2  
  86  9:07  Liberator  
  86  9:08  Liberator  
  86  9:16  Supply Depot  
  78  9:50  Thor x2  
  90  10:06  Supply Depot  
  90  10:07  Terran Vehicle Weapons Level 1  
  90  10:09  Terran Infantry Weapons Level 1, Liberator x2  
  90  10:12  Armory  
  90  10:24  SCV  
  97  10:35  Supply Depot  
  97  10:36  SCV  
  98  10:48  SCV  
  99  10:52  Thor x2  
  99  10:53  Factory  
  111  10:59  Supply Depot  
  111  11:03  Terran Vehicle And Ship Armor Level 1  
  110  11:21  Supply Depot  
  110  11:54  Planetary Fortress  
  110  12:15  Thor x2  
  122  12:51  Factory Tech Lab  
  122  12:58  Siege Tank x2  
  128  13:02  SCV  
  129  13:07  Refinery  
  129  13:13  Thor  
  129  13:14  SCV  
  136  13:26  SCV  
  137  13:30  Siege Tank  
  140  13:38  SCV  
  141  14:07  SCV  
  139  14:10  Siege Tank  
  100  14:21  Siege Tank x2  
  106  14:40  Viking x2  
  106  14:42  Siege Tank  
  106  14:45  Refinery  
  110  14:53  Siege Tank  
  101  15:10  Viking x2  
  20  18:11  Command Center  
Tags
 
Add a new tag
Caveats
  • Supply blocks, unpowered buildings, or Contaminate may cause inaccurate times.
  • Supply counts are checked every 10 seconds.